 Dungeon Crawl Stone Soup version 0.31-a0-361-g0f8bd3a31e (webtiles) character file.

Game seed: 15157786386032248488

2236 AdnanSaban the Cudgeller (level 9, -4/55 HPs)
             Began as a Gargoyle Fighter on July 27, 2023.
             Was an Initiate of Okawaru.
             Slain by a gargoyle
             ... wielding a +0 flail
              (9 damage)
             ... on level 8 of the Dungeon.
             The game lasted 00:07:44 (7384 turns).

AdnanSaban the Cudgeller (Gargoyle Fighter)         Turns: 7384, Time: 00:07:45

Health: -4/55      AC: 14    Str: 24    XL:     9   Next: 36%
Magic:  9/9        EV:  9    Int:  9    God:    Okawaru [......]
Gold:   530        SH: 14    Dex:  9    Spells: 8/8 levels left

rFire   . . .        a - +0 flail
rCold   . . .        y - +0 kite shield
rNeg    + . .        b - +0 scale mail
rPois   ∞            (no helmet)
rElec   +            (no cloak)
rCorr   .            (no gloves)
SInv    .            (no boots)
Will    +....        n - amulet of reflection Stlth
                     u - ring of willpower
HPRegen 0.29/turn    (no ring)
MPRegen 0.11/turn

%: reflection
@: no status effects
A: sickness immunity, AC +6, negative energy resistance 1, electricity
resistance, torment resistance 1, petrification resistance
a: Renounce Religion


You were on level 8 of the Dungeon.
You worshipped Okawaru.
Okawaru was noncommittal.
You visited 2 branches of the dungeon, and saw 9 of its levels.

You collected 530 gold pieces.

Inventory:

Hand Weapons
 a - a +0 flail (weapon)
Armour
 b - a +0 scale mail (worn)
 y - a +0 kite shield (worn)
Jewellery
 n - an amulet of reflection (around neck)
 u - a ring of willpower (left hand)
Wands
 x - a wand of flame (35)
 B - a wand of polymorph (10)
 D - a wand of mindburst (18)
Scrolls
 e - a scroll of fog {unknown}
 f - 3 scrolls of fear {unknown}
 g - 10 scrolls of identify {unknown}
 i - a scroll of butterflies {unknown}
 j - 2 scrolls of teleportation {unknown}
 q - a scroll of acquirement {unknown}
 t - 2 scrolls of immolation {unknown}
 v - a scroll of enchant armour {unknown}
 z - a scroll of noise {unknown}
 A - a scroll of revelation {unknown}
Potions
 c - 3 potions of brilliance {unknown}
 d - a potion of might
 h - a potion of enlightenment {unknown}
 k - 2 potions of heal wounds {unknown}
 l - a potion of degeneration {unknown}
 m - 2 potions of curing {unknown}
 o - 2 potions of ambrosia {unknown}
 p - a potion of attraction {unknown}
 r - 3 potions of magic {unknown}
 s - 3 potions of mutation {unknown}
 w - a potion of cancellation {unknown}
 C - a potion of resistance {unknown}


   Skills:
 + Level 5.7 Fighting
 + Level 7.8 Maces & Flails
 + Level 6.5 Armour
 + Level 3.0 Dodging
 + Level 6.9 Shields


You had 8 spell levels left.
You didn't know any spells.
Your spell library contained the following spells:

 Spells                   Type           Power      Damage    Failure   Level
 Magic Dart               Conj           0%         1d3       87%         1
 Mephitic Cloud           Conj/Pois/Air  0%         N/A       99%         3
 Call Imp                 Summ           Unusable   N/A       N/A         2

Dungeon Overview and Level Annotations

Branches:
Dungeon (8/15)             Temple (1/1) D:7
   Lair: D:8-11

Altars:
Ashenzari
Cheibriados
Dithmenos
Fedhas
Gozag
Hepliaklqana
Kikubaaqudgha
Makhleb
Nemelex Xobeh
Okawaru
Qazlal
Ru
Sif Muna
Trog
Uskayaw
Vehumet
Wu Jian
Xom
Zin
The Shining One

Shops:
D:6 *


Innate Abilities, Weirdness & Mutations

You are immune to sickness and miasma.
Your stone body is resilient. (AC +6)
You are immune to poison.
You resist negative energy. (rN+)
You are resistant to electric shocks. (rElec)
You are resistant to unholy torment.
You are immune to petrification.


Message History

The gargoyle is severely damaged.
The gargoyle hits you with a +0 flail!
You barely miss the gargoyle.
The gargoyle is severely damaged.
The gargoyle closely misses you. The gargoyle misses you.
You barely miss the gargoyle.
The gargoyle is severely damaged.
The gargoyle hurls a stone arrow at you.
The stone arrow hits you!!
* * * LOW HITPOINT WARNING * * *
You are too injured to fight recklessly!
You are too injured to fight recklessly!
You are too injured to fight recklessly!
You are too injured to fight recklessly!
You are too injured to fight recklessly!
You are too injured to fight recklessly!
You are too injured to fight recklessly!
You are too injured to fight recklessly!
You are too injured to fight recklessly!
You are too injured to fight recklessly!
You are too injured to fight recklessly!
You are too injured to fight recklessly!
You are too injured to fight recklessly!
You are too injured to fight recklessly!
You hit the gargoyle but do no damage.
The gargoyle is severely damaged.
The gargoyle hits you but does no damage.
You hit the gargoyle but do no damage.
The gargoyle is severely damaged.
You block the gargoyle's attack.
You sock the gargoyle!
The gargoyle is almost destroyed.
You block the gargoyle's attack.
You hit the gargoyle but do no damage.
The gargoyle is almost destroyed.
You block the gargoyle's attack.
You hit the gargoyle but do no damage.
The gargoyle is almost destroyed.
The gargoyle hits you with a +0 flail!
You die...

#. #. #.
##. .. ##
#. ..#
#)##...###
#.@9......
####.#####
#


You could see a gargoyle.

Vanquished Creatures
  3 ice beasts
  3 black bears
  4 ogres
  A phantom (D:5)
  4 bullfrogs
  A gnoll sergeant (D:6)
  3 scorpions
  2 hounds (D:5)
  A jelly (D:4)
  2 orc priests
  A sleepcap (D:4)
  4 orc wizards
  4 iguanas
  12 gnolls
  12 adders
  2 shadow imps
  4 white imps
  An ufetubus (D:6)
  2 worms
  3 dart slugs
  27 orcs
  6 ball pythons
  5 bats
  4 endoplasms
  2 giant cockroaches
  6 goblins
  6 hobgoblins
  4 jackals
  4 quokkas
  3 frilled lizards
  6 kobolds
  5 rats
147 creatures vanquished.

Vanquished Creatures (others)
  An orc wizard (D:3)
1 creature vanquished.

Grand Total: 148 creatures vanquished

Notes
Turn   | Place    | Note
-------+----------+-------------------------------------------
     0 | D:1      | AdnanSaban the Gargoyle Fighter began the quest for the
                  | Orb.
     0 | D:1      | Reached XP level 1. HP: 14/14 MP: 1/1
    59 | D:1      | Reached XP level 2. HP: 18/19 MP: 2/2
   241 | D:1      | Reached XP level 3. HP: 17/24 MP: 3/3
   632 | D:2      | Reached XP level 4. HP: 26/29 MP: 4/4
   637 | D:2      | Reached skill level 3 in Maces & Flails
  1102 | D:2      | Reached XP level 5. HP: 31/33 MP: 5/5
  1790 | D:3      | Reached skill level 1 in Dodging
  1897 | D:3      | Found a hide-covered altar of Uskayaw.
  1974 | D:3      | Reached XP level 6. HP: 31/38 MP: 6/6
  2566 | D:4      | Reached skill level 4 in Maces & Flails
  2631 | D:4      | Noticed a black bear
  2645 | D:4      | Killed a black bear
  2771 | D:4      | Reached XP level 7. HP: 44/44 MP: 7/7
  3450 | D:5      | Entered Level 5 of the Dungeon
  3506 | D:5      | Reached skill level 5 in Shields
  3545 | D:5      | Reached skill level 5 in Maces & Flails
  3572 | D:5      | Reached skill level 5 in Armour
  3845 | D:5      | Reached XP level 8. HP: 17/48 MP: 8/8
  4113 | D:5      | Reached skill level 5 in Fighting
  4240 | D:5      | Reached skill level 6 in Maces & Flails
  4963 | D:6      | Found Hanaigif's Neck Hole.
  5501 | D:6      | Reached skill level 7 in Maces & Flails
  5631 | D:6      | Reached XP level 9. HP: 42/54 MP: 9/9
  6366 | D:7      | Found a staircase to the Ecumenical Temple.
  6375 | Temple   | Entered the Ecumenical Temple
  6383 | Temple   | Became a worshipper of Warmaster Okawaru
  6817 | D:7      | Found a shimmering blue altar of Sif Muna.
  7367 | D:8      | Noticed a gargoyle
  7384 | D:8      | Slain by a gargoyle

Illustrated notes

Levels and vault maps discovered:
D:1:      lemuel_arrival_river_ford, layout_rooms, serial_park_tiny_pond
D:2:      layout_loops_ring, chequers_serial_rivers_large_b
D:3:      layout_loops_ring, mainiacjoe_overflow_paths, st_stairs_2,
          kennysheep_small_spiral
D:4:      layout_cave_pools
D:5:      layout_basic, grunt_ministairs_2, minmay_misc_feat_nine_boxes,
          kennysheep_generic_room_15
D:6:      layout_basic, minivault_22, dreamdust_princess_corridor,
          nicolae_shop_sticking_my_neck_out
D:7:      layout_basic, nicolae_sif_muna_condensation,
          minmay_temple_entry_wispy, serial_co_window_serial, co_window_paths_a,
          co_window_paths_a, co_window_of_opportunity_a, co_window_paths_a,
          co_window_of_opportunity_a, co_window_corner_a, co_window_paths_b,
          co_window_corner_a, co_window_of_opportunity_a, co_window_2corner,
          co_window_corner_ca, co_window_corner_b, co_window_unsneaky_path_e,
          co_window_paths_c, co_window_broadway_a, glass_columns_b,
          glass_columns_a, glass_columns_b
D:8:      layout_loops_cross, kennysheep_ying_yang
Temple:   dpeg_three_leaves_temple

Skill      XL: |  1  2  3  4  5  6  7  8  9 |
---------------+----------------------------+-----
Maces & Flails | 3 4 5 7 |  7.8
Fighting       | 4 5 |  5.7
Armour         | 4 5 6 |  6.5
Shields        | 4 5 6 |  6.9
Dodging        | 1 2 3 |  3.0

Action                     |  1- 3 |  4- 6 |  7- 9 || total
---------------------------+-------+-------+-------++-------
  Melee: Flail             |    86 |   269 |   410 ||   765
 Armour: Scale mail        |    53 |   161 |   177 ||   391
  Dodge: Dodged            |    50 |   125 |   131 ||   306
  Block: Buckler           |    22 |   113 |   147 ||   282
         Reflection        |       |     1 |     5 ||     6
         Kite shield       |       |       |    52 ||    52

Table legend: (Time is in decaauts)
 A = Elapsed time spent in this place.
 B = Non-inter-level travel time spent in this place.
 C = Inter-level travel time spent in this place.
 D = Time resting spent in this place.
 E = Time spent auto-exploring this place.
 F = Levels seen in this place.
 G = Mean time per level.
                   A        B        C        D        E       F      G
               +--------+--------+--------+--------+--------+-----+--------+
         Total |   7575 |   7071 |    504 |    529 |   4877 |   9 |  841.7 |
       Dungeon |   7556 |   7066 |    490 |    529 |   4877 |   8 |  944.5 |
        Temple |     19 |      5 |     14 |      0 |      0 |   1 |   19.0 |
               +--------+--------+--------+--------+--------+-----+--------+

Top non-repeatable levels by time:
     D:5: 1661 daAuts
     D:3: 1359 daAuts
     D:7: 1119 daAuts
     D:6: 998 daAuts
     D:2: 883 daAuts
     D:4: 882 daAuts
     D:1: 631 daAuts
     D:8: 20 daAuts
  Temple: 19 daAuts
